 Dungeon Crawl Stone Soup version 0.30-a0-509-gd016549fea (webtiles) character file.

Game seed: 12413641498352737553

35296 Khashishi the Nimble (level 14, -4/103 HPs)
             Began as a Human Reaver on Dec 22, 2022.
             Was the Champion of Kikubaaqudgha.
             Killed from afar by a catoblepas (6 damage)
             ... with a blast of calcifying dust
             ... on level 4 of the Lair of Beasts.
             The game lasted 01:52:58 (14836 turns).

Khashishi the Nimble (Human Reaver)                Turns: 14836, Time: 01:52:59

Health: -4/103     AC: 13    Str: 15    XL:     14   Next: 17%
Magic:  5/27       EV: 25    Int: 21    God:    Kikubaaqudgha [******]
Gold:   158        SH:  0    Dex: 11    Spells: 2/31 levels left

rFire   . . .      SeeInvis .    a - +2 lajatang (speed)
rCold   . . .      Faith    .    (shield currently unavailable)
rNeg    + . .      Spirit   .    A - +5 robe of Misfortune {Harm *Corrode *Slow EV+5}
rPois   +          Reflect  .    y - +1 hat
rElec   +          Harm     +    (no cloak)
rCorr   +          Rampage  .    B - +2 pair of gloves
Will    +....                    (no boots)
Stlth   ++........               (no amulet)
HPRegen 0.37/turn                x - ring "Cowaelul" {rN+ EV+4}
MPRegen 0.20/turn                I - ring "Tius" {rElec rPois rCorr Str+2 Int+2}

@: mighty, lethally poisoned (-4 -> -12), death channelling, hasted, studying
Fire Magic, very quick
A: talons 2, iridescent scales 1
a: Renounce Religion, Unearth Wretches, Torment, Brand Weapon With Pain, Receive
Forbidden Knowledge


You were on level 4 of the Lair of Beasts.
You worshipped Kikubaaqudgha.
Kikubaaqudgha was exalted by your worship.
You visited 3 branches of the dungeon, and saw 16 of its levels.
You also visited: Sewer.

You collected 903 gold pieces.
You spent 745 gold pieces at shops.

Inventory:

Hand Weapons
 a - a +2 lajatang of speed (weapon)
Missiles
 g - 35 poisoned darts
 k - 4 throwing nets
Armour
 y - a +1 hat (worn)
 A - the +5 robe of Misfortune (worn) {Harm *Corrode *Slow EV+5}
   (You took it off a hobgoblin on level 4 of the Dungeon)

   EV:        It affects your evasion (+5).
   *Corrode:  It may corrode you when you take damage.
   *Slow:     It may slow you when you take damage.
   Harm:      It increases damage dealt and taken.
 B - a +2 pair of gloves (worn)
 L - the +4 robe of Folly {Brilliance Will-∞ Int+8}
   (You found it on level 2 of the Lair of Beasts)

   It increases the power of your magical spells.
   It halves the magic cost of your spells (rounding up).
   It reduces your willpower to zero.
   Int:       It affects your intelligence (+8).
Magical Staves
 b - a staff of death
Jewellery
 x - the ring "Cowaelul" (left hand) {rN+ EV+4}
   (You found it on level 3 of the Dungeon)

   [ring of evasion]

   EV:        It affects your evasion (+4).
   rN:        It protects you from negative energy.
 I - the ring "Tius" (right hand) {rElec rPois rCorr Str+2 Int+2}
   (You bought it in a shop on level 8 of the Dungeon)

   [ring of resist corrosion]

   Str:       It affects your strength (+2).
   Int:       It affects your intelligence (+2).
   rElec:     It insulates you from electricity.
   rPois:     It protects you from poison.
   rCorr:     It protects you from acid and corrosion.
Wands
 i - a wand of iceblast (13)
 t - a wand of digging (9)
 C - a wand of charming (9)
 D - a wand of flame (7)
Scrolls
 e - 3 scrolls of magic mapping
 n - 3 scrolls of fog
 p - 3 scrolls of fear
 q - 3 scrolls of torment
 w - 3 scrolls of immolation
 F - a scroll of summoning
 H - a scroll of amnesia
 K - 2 scrolls of teleportation
Potions
 c - 2 potions of magic
 f - 4 potions of brilliance
 h - 7 potions of mutation
 j - 6 potions of ambrosia
 l - 3 potions of lignification
 m - 5 potions of flight
 o - 2 potions of might
 r - a potion of resistance
 s - 5 potions of cancellation
 u - 2 potions of attraction
 v - a potion of haste
 z - 5 potions of curing
 E - a potion of berserk rage
 J - a potion of heal wounds
Miscellaneous
 G - a phantom mirror (inert)


   Skills:
 + Level 7.6 Fighting
 - Level 3.9(7.8) Polearms
 + Level 10.4(10.8) Staves
 - Level 4.2 Armour
 - Level 12.4 Dodging
 + Level 2.5 Stealth
 - Level 9.0 Spellcasting
 - Level 3.1 Conjurations
 - Level 2.1 Hexes
 + Level 12.2 Necromancy
 - Level 4.3 Translocations
 + Level 2.2 Earth Magic
 - Level 3.2 Evocations


You had 2 spell levels left.
You knew the following spells:

 Your Spells              Type           Power      Damage    Failure   Level
a - Necrotise             Necr           100%       1d9       1%          1
b - Blink                 Tloc           54%        N/A       1%          2
c - Vampiric Draining     Necr           57%        2d10      1%          3
d - Dispel Undead         Necr           57%        3d20      1%          4
e - Cigotuvi's Dreadful   Necr/Pois/Air  52%        N/A       1%          2
f - Borgnjor's Vile Clut  Necr/Erth      19%        N/A       10%         5
A - Anguish               Hex/Necr       19%        N/A       3%          4
D - Death Channel         Necr           28%        N/A       8%          6
S - Momentum Strike       Conj/Tloc      50%        3d9       2%          2

Your spell library contained the following spells:

 Spells                   Type           Power      Damage    Failure   Level
 Kiss of Death            Conj/Necr      100%       2d13      1%          1
 Magic Dart               Conj           88%        1d7       1%          1
 Sublimation of Blood     Necr           57%        N/A       1%          2
 Foxfire                  Conj/Fire      64%        2x1d7     3%          1
 Freeze                   Ice            36%        1d5       7%          1
 Ensorcelled Hibernation  Hex/Ice        28%        N/A       7%          2
 Call Imp                 Summ           9%         N/A       11%         2
 Scorch                   Fire           18%        2d6       11%         2
 Agony                    Necr           57%        N/A       1%          5
 Gell's Gravitas          Tloc           27%        N/A       3%          3
 Lesser Beckoning         Tloc           54%        N/A       3%          3
 Teleport Other           Tloc           27%        N/A       3%          3
 Portal Projectile        Hex/Tloc       46%        N/A       5%          3
 Hailstorm                Conj/Ice       16%        3d6       12%         3
 Mephitic Cloud           Conj/Pois/Air  13%        N/A       14%         3
 Summon Guardian Golem    Hex/Summ       14%        N/A       14%         3
 Call Canine Familiar     Summ           9%         N/A       22%         3
 Frozen Ramparts          Ice            18%        1d3       22%         3
 Spider Form              Tmut/Pois      9%         N/A       22%         3
 Leda's Liquefaction      Hex/Erth       9%         N/A       28%         4
 Flame Wave               Conj/Fire      16%        2d7       36%         4
 Fireball                 Conj/Fire      8%         3d6       71%         5
 Dispersal                Tloc           13%        N/A       88%         6
 Alistair's Intoxication  Tmut/Pois      6%         N/A       89%         5
 Starburst                Conj/Fire      8%         6d4       99%         6
 Eringya's Noxious Bog    Tmut/Pois      4%         N/A       100%        6
 Summon Cactus Giant      Summ           4%         N/A       100%        6
 Orb of Destruction       Conj           11%        9d6       100%        7
 Spellforged Servitor     Conj/Summ      8%         N/A       100%        7


Dungeon Overview and Level Annotations

Branches:
Dungeon (11/15)            Temple (1/1) D:5            Lair (4/5) D:8
  Swamp (0/4) Lair:3       Spider (0/4) Lair:2        Sewer (visited)
  Slime: Lair:4-5       Orc: D:9-12

Altars:
Ashenzari
Cheibriados
Dithmenos
Elyvilon
Fedhas
Gozag
Hepliaklqana
Kikubaaqudgha
Makhleb
Nemelex Xobeh
Okawaru
Qazlal
Ru
Sif Muna
Trog
Uskayaw
Vehumet
Wu Jian
Xom
Yredelemnul
Zin
The Shining One

Shops:
D:5 ([   D:8 =


Innate Abilities, Weirdness & Mutations

You have razor-sharp toenails.
You are partially covered in iridescent scales. (AC +2)


Message History

The wolf is engulfed in calcifying dust.
You slash the killer bee!
You kill the killer bee!
Kikubaaqudgha accepts your kill.
A glowing mist starts to gather...
The meliai barely misses your spectral killer bee. x2
The meliai stings your spectral killer bee but does no damage.
Your spectral killer bee closely misses the meliai.
Your spectral killer bee barely misses the meliai.
The meliai hits your spectral killer bee with a +0 hand axe!
Your spectral killer bee is destroyed!
The meliai hits your spectral killer bee with a +0 hand axe!
The queen bee stings you.
* * * LOW HITPOINT WARNING * * *
You are poisoned.
The queen bee poisons you!
Your spectral killer bee hits the queen bee!
Your spectral killer bee closely misses the meliai.
The meliai mumbles some strange prayers to its god against you.
Something smites you!
* * * LOW HITPOINT WARNING * * *
Your spectral blink frog closely misses the queen bee.
Casting: Vampiric Draining (safe; 1% risk of failure)
Confirm with . or Enter, or press ? or * to list all spells.
Aiming: Vampiric Draining (safe; 1% risk of failure)
Press: ? - help, Shift-Dir - straight line, f - queen bee, p - meliai
Aim: a queen bee (heavily wounded, ally target)
You draw life force from the queen bee!
You feel life coursing into your body!
You feel very sick.
Your spectral killer bee hits the queen bee but does no damage.
Your spectral killer bee closely misses the meliai.
The meliai invokes the aid of its god against you.
Something smites you!
* * * LOW HITPOINT WARNING * * *
The catoblepas breathes a plume of calcifying dust at you.
The blast of calcifying dust hits the wolf.
The blast of calcifying dust hits the queen bee but does no damage.
The blast of calcifying dust hits you.
You die...
Kikubaaqudgha rasps: "You have failed me!
Welcome... death!"

##.#.....#.##
##.#...#.##
##.#...#.##
#.#.....#.#
#.#.....#.#
#.#...#.# #.
#.#...#.# .#
#$.#§....#.)#
##..ZZ@.Z##
......##y##y.....
....###yhy###....
..###YyY#Y†.###..
. #.#†# #y#y# .
#.#.. Y.#y#
...... ......
..##. .##D. . ##
## .


You could see a catoblepas, a yak, a queen bee (distracted, ally target), a
meliai (ally target), a wolf (petrified), 2 killer bees, a friendly spectral
blink frog and 2 friendly spectral killer bees.

Vanquished Creatures
  Gastronok (D:8)
  A centaur warrior (D:11)
  A boulder beetle (D:11)
  A hydra (Lair:3)
  2 two-headed ogres (D:11)
  An orc knight (D:11)
  A shining eye (shapeshifter) (D:11)
  3 cyclopes (D:11)
  An elephant (Lair:4)
  2 manticores (D:11)
  2 black mambas (Lair:3)
  A torpor snail (Lair:3)
  7 cane toads
  Maggie (D:8)
  A gargoyle (D:10)
  4 komodo dragons (Lair:2)
  2 unseen horrors
  2 rime drakes
  A troll (D:11)
  A polar bear (Lair:1)
  A queen bee (Lair:3)
  9 blink frogs
  3 dream sheep (Lair:3)
  3 shadows
  A vampire (D:11)
  2 wraiths
  42 yaks
  A wyvern (D:11)
  Grum (D:8)
  2 steam dragons
  2 basilisks
  A vampire mosquito (D:11)
  3 redbacks (Lair:2)
  10 water moccasins
  3 acid dragons
  4 black bears
  2 orc warriors (D:7)
  An ogre (D:5)
  20 wolves
  5 centaurs
  2 kobold brigands
  11 bullfrogs
  A necrophage (D:5)
  A scorpion (D:4)
  9 wights
  41 killer bees
  3 vampire bats (Lair:2)
  5 howler monkeys
  A jelly (D:6)
  5 orc priests
  A hound (D:3)
  8 iguanas
  4 orc wizards
  Natasha (thrice) (D:4)
  18 adders
  A river rat (Sewer)
  3 shadow imps
  6 white imps
  3 ufetubi
  3 worms
  3 dart slugs
  32 orcs
  14 ball pythons
  7 bats
  8 endoplasms
  3 giant cockroaches
  7 goblins
  5 hobgoblins
  6 jackals
  6 quokkas
  8 frilled lizards
  19 kobolds
  32 rats
431 creatures vanquished.

Vanquished Creatures (collateral kills)
  A catoblepas (Lair:3)
  2 rime drakes
  A blink frog (Lair:4)
  A steam dragon (Lair:3)
  A water moccasin (Lair:3)
  A wolf (Lair:4)
  14 killer bees
  An orc (D:5)
  2 ball pythons (Sewer)
  2 rats (Sewer)
26 creatures vanquished.

Vanquished Creatures (others)
  A dream sheep (Lair:3)
  A blink frog (Lair:1)
  A basilisk (Lair:2)
  A wolf (Lair:4)
  2 wights (D:8)
  9 killer bees
  49 fungi
  92 plants
156 creatures vanquished.

Grand Total: 613 creatures vanquished

Notes
Turn   | Place    | Note
-------+----------+-------------------------------------------
     0 | D:1      | Khashishi the Human Reaver began the quest for the Orb.
     0 | D:1      | Reached XP level 1. HP: 16/16 MP: 3/3
   135 | D:1      | Reached XP level 2. HP: 19/22 MP: 5/5
   585 | D:1      | Learned a level 1 spell: Necrotise
   693 | D:2      | Reached XP level 3. HP: 14/21 MP: 3/6
   791 | D:2      | Reached skill level 1 in Armour
   791 | D:2      | Reached skill level 1 in Necromancy
   960 | D:2      | Reached XP level 4. HP: 19/32 MP: 5/7
  1276 | D:2      | Learned a level 3 spell: Vampiric Draining
  1401 | D:2      | Reached XP level 5. HP: 20/29 MP: 8/8
  1586 | D:3      | Found a stormy altar of Qazlal.
  1721 | D:3      | Found a blossoming altar of Fedhas.
  1944 | D:3      | Found a hazy altar of Hepliaklqana.
  2470 | D:3      | Identified the ring "Cowaelul" {rN+ EV+4}
  3033 | D:4      | Reached XP level 6. HP: 14/47 MP: 9/9
  3188 | D:4      | Noticed a black bear
  3242 | D:4      | Reached skill level 1 in Staves
  3242 | D:4      | Reached skill level 1 in Evocations
  3264 | D:4      | Found an ornate altar of the Wu Jian Council.
  3495 | D:5      | Entered Level 5 of the Dungeon
  3532 | D:5      | Noticed an ogre
  3669 | D:5      | Found a glowing drain.
  3696 | Sewer    | Entered a sewer
  3956 | Sewer    | Reached XP level 7. HP: 50/52 MP: 6/10
  4518 | D:4      | Noticed Natasha
  4528 | D:4      | Killed Natasha
  4600 | D:4      | Noticed Natasha
  4608 | D:4      | Killed Natasha
  4810 | D:4      | Reached XP level 8. HP: 53/58 MP: 4/11
  4851 | D:4      | Noticed Natasha
  4856 | D:4      | Killed Natasha
  4926 | D:5      | Reached skill level 5 in Necromancy
  4930 | D:5      | Found a staircase to the Ecumenical Temple.
  4935 | Temple   | Entered the Ecumenical Temple
  5114 | Temple   | Became a worshipper of Kikubaaqudgha
  5242 | D:5      | Found a burning altar of Makhleb.
  5390 | D:5      | Found Kaepys's Armour Shoppe.
  5392 | D:5      | Found Sel Haaf's Weapon Shop.
  5457 | D:5      | Found a glowing silver altar of Zin.
  5460 | D:5      | Found a snail-covered altar of Cheibriados.
  5601 | D:5      | Reached XP level 9. HP: 63/63 MP: 8/15
  5905 | D:6      | Learned a level 2 spell: Blink
  5908 | D:6      | Learned a level 2 spell: Momentum Strike
  6070 | D:6      | Reached * piety under Kikubaaqudgha
  6070 | D:6      | Received a gift from Kikubaaqudgha
  6079 | D:6      | Learned a level 2 spell: Cigotuvi's Dreadful Rot
  6105 | D:6      | Reached skill level 1 in Translocations
  6151 | D:6      | Killed an unseen horror
  6152 | D:6      | Reached skill level 5 in Dodging
  6152 | D:6      | Reached skill level 5 in Spellcasting
  6174 | D:6      | Found a shadowy altar of Dithmenos.
  6292 | D:6      | Found a basalt altar of Yredelemnul.
  6740 | D:7      | Learned a level 5 spell: Borgnjor's Vile Clutch
  7191 | D:7      | Identified a scroll of acquirement
  7191 | D:7      | Acquired a +2 lajatang of speed
  7281 | D:7      | Reached ** piety under Kikubaaqudgha
  7441 | D:8      | Reached XP level 10. HP: 59/70 MP: 3/18
  7486 | D:8      | Noticed Maggie
  7500 | D:8      | Killed Maggie
  7513 | D:8      | Noticed Grum
  7522 | D:8      | Killed Grum
  7682 | D:8      | Reached skill level 5 in Staves
  7778 | D:8      | Found a staircase to the Lair.
  7840 | D:8      | Found Kinexan's One-of-a-Kind Rings.
  7911 | D:8      | Found a bloodstained altar of Trog.
  7954 | D:8      | Noticed Gastronok
  7979 | D:8      | Killed Gastronok
  7980 | D:8      | Reached XP level 11. HP: 67/76 MP: 17/21
  8171 | D:8      | Reached *** piety under Kikubaaqudgha
  8171 | D:8      | Received a gift from Kikubaaqudgha
  8180 | D:8      | Learned a level 6 spell: Death Channel
  8571 | D:9      | Found an opulent altar of Gozag.
  9174 | D:10     | Entered Level 10 of the Dungeon
  9759 | D:10     | Reached skill level 10 in Dodging
  9768 | D:10     | Learned a level 4 spell: Dispel Undead
 10102 | D:11     | Noticed a cyclops
 10106 | D:11     | Noticed a two-headed ogre
 10108 | D:11     | Killed a cyclops
 10138 | D:11     | Killed a two-headed ogre
 10181 | D:11     | Noticed a manticore
 10184 | D:11     | Killed a manticore
 10248 | D:11     | Noticed a cyclops
 10258 | D:11     | Killed a cyclops
 10259 | D:11     | Reached XP level 12. HP: 83/83 MP: 24/24
 10669 | D:11     | Noticed a centaur warrior
 10683 | D:11     | Killed a centaur warrior
 10683 | D:11     | Reached **** piety under Kikubaaqudgha
 10684 | D:11     | Reached skill level 10 in Necromancy
 10762 | D:11     | Gained mutation: You are weak. (Str -2) [a shining eye]
 10786 | D:11     | Lost mutation: You are weak. (Str -2) [potion of mutation]
 10786 | D:11     | Gained mutation: You have sharp toenails. [potion of
                  | mutation]
 10786 | D:11     | Gained mutation: You are partially covered in iridescent
                  | scales. (AC +2) [potion of mutation]
 10786 | D:11     | Gained mutation: You have razor-sharp toenails. [potion of
                  | mutation]
 11306 | D:11     | Noticed a boulder beetle
 11328 | D:11     | Killed a boulder beetle
 11651 | D:11     | Noticed a two-headed ogre
 11660 | D:11     | Killed a two-headed ogre
 11810 | D:8      | Bought the ring "Tius" {rElec rPois rCorr Str+2 Int+2} for
                  | 745 gold pieces
 11851 | Lair:1   | Entered Level 1 of the Lair of Beasts
 11930 | Lair:1   | Learned a level 4 spell: Anguish
 12001 | Lair:1   | Reached skill level 1 in Hexes
 12026 | Lair:1   | Reached XP level 13. HP: 55/90 MP: 5/26
 12345 | Lair:1   | Reached skill level 5 in Fighting
 12648 | Lair:2   | Reached ***** piety under Kikubaaqudgha
 12762 | Lair:2   | Found a hole to the Spider Nest.
 13239 | Lair:2   | Identified the +6 whip "Qomnikin" {distort, *Corrode rF+
                  | Will++ SInv}
 13477 | Lair:2   | You fall into a shaft and drop 1 floor!
 13605 | Lair:3   | Noticed a catoblepas
 13606 | Lair:3   | Reached skill level 10 in Staves
 13629 | Lair:3   | Killed a catoblepas
 13828 | Lair:2   | Found the +4 robe of Folly {Brilliance Will-∞ Int+8}
 14019 | Lair:3   | Reached skill level 1 in Stealth
 14093 | Lair:3   | Noticed an eight-headed hydra
 14098 | Lair:3   | Reached skill level 1 in Earth Magic
 14107 | Lair:3   | Killed an eight-headed hydra
 14108 | Lair:3   | Reached XP level 14. HP: 74/103 MP: 19/27
 14249 | Lair:3   | Found a staircase to the Swamp.
 14749 | Lair:4   | Reached ****** piety under Kikubaaqudgha
 14836 | Lair:4   | HP: 2/103 [meliai/divine providence (16)]
 14836 | Lair:4   | Killed from afar by a catoblepas

Illustrated notes

Levels and vault maps discovered:
D:1:      minmay_arrival_four_circles, layout_loops_ring, grunt_decor_arrowhead
D:2:      kennysheep_six_static_rooms, layout_rooms, grunt_decor_cap
D:3:      layout_basic, grunt_temple_overflow_forces_of_nature,
          mainiacjoe_overflow_six_doors_small, nicolae_elevator_lobby_plus
D:4:      layout_basic, nicolae_wu_jian_immortal_techniques, minmay_puff,
          uniq_natasha
D:5:      layout_basic, lemuel_doored_altar, minitemple,
          minmay_temple_entry_nine_rooms, cheibrodos_sewer_entry_bend,
          nicolae_wooded_promenade, serial_bayou_pond_b, nrook_mini_backslash,
          grunt_ministairs_13, minmay_manual_mares
D:6:      layout_loops_ring, nicolae_dithmenos_the_darkroom, marbit_many_paths,
          minmay_manual_monolith
D:7:      layout_loops_ring
D:8:      layout_loops_ring, mainiacjoe_overflow_tiny_flanked,
          due_lair_maze_entry_diamond, nicolae_shop_unique_rings, uniq_maggie,
          uniq_gastronok, uniq_grum
D:9:      layout_roguey, grunt_gozag_statues, hangedman_abyss_or_decor_stabs,
          dk_rats_in_the_wall
D:10:     layout_basic
D:11:     wad_woods_structure_01, layout_layer_cave, minmay_radiant
Temple:   nicolae_temple_bog_church
Lair:1:   layout_roguey, grunt_megastairs_5, lemuel_fruit_fields
Lair:2:   beast_lair_carwin_large_1, layout_cave_pods, spider_nest_entry_webs,
          dreamdust_deal_with_the_devil, minivault_26, minivault_27,
          fungi_pond_lemuel, roderic_batcave
Lair:3:   layout_roguey [special_room_bee], swamp_mist, serial_bayou_shore_a,
          grunt_megastairs_1, infiniplex_staircase_pool
Lair:4:   regret_index_bee_streams, layout_gridlike, slime_entry_1, minivault_27

Skill      XL: |  1  2  3  4  5  6  7  8  9 10 11 12 13 14 |
---------------+-------------------------------------------+-----
Armour         | 1 2 4 |  4.2
Necromancy     | 1 2 3 4 6 7 8 9 10 12 | 12.2
Fighting       | 3 4 7 |  7.6
Staves         | 2 3 5 7 8 10 | 10.4
Evocations     | 1 2 3 |  3.2
Spellcasting   | 4 5 7 8 9 |  9.0
Dodging        | 3 6 9 10 12 | 12.4
Translocations | 3 4 |  4.3
Hexes          | 1 2 |  2.1
Stealth        | 1 2 |  2.5
Earth Magic    | 1 2 |  2.2
Polearms       | |  3.9
Conjurations   | |  3.1

Action                   |  1- 3 |  4- 6 |  7- 9 | 10-12 | 13-15 || total
-------------------------+-------+-------+-------+-------+-------++-------
Melee: Spear             |    79 |   261 |   217 |       |       ||   557
       Punch             |       |     2 |     1 |     6 |       ||     9
       Staff             |       |    37 |    10 |   146 |    55 ||   248
       Lajatang          |       |       |    16 |   440 |   346 ||   802
       Kick              |       |       |       |    81 |   132 ||   213
Throw: Dart              |       |     6 |       |     2 |       ||     8
 Cast: Kiss of Death     |     2 |     2 |       |       |       ||     4
       Necrotise         |     3 |    52 |   104 |    66 |    15 ||   240
       Vampiric Draining |       |     1 |    23 |    57 |    23 ||   104
       Cigotuvi's Dreadf |       |       |     1 |     1 |       ||     2
       Momentum Strike   |       |       |       |     2 |       ||     2
       Dispel Undead     |       |       |       |     6 |     2 ||     8
       Anguish           |       |       |       |     1 |    13 ||    14
       Death Channel     |       |       |       |       |     8 ||     8
Evoke: Wand              |       |       |       |    12 |     1 ||    13
       Phantom mirror    |       |       |       |     1 |     1 ||     2
  Use: Scroll            |       |    17 |    13 |     7 |     3 ||    40
       Potion            |       |     3 |       |    12 |     6 ||    21
 Stab: Sleeping          |       |       |     3 |       |       ||     3
       Invisible         |       |       |       |       |    11 ||    11
       Petrified         |       |       |       |       |     4 ||     4
       Distracted        |       |       |       |       |     2 ||     2
Armor: Ring mail         |    24 |    16 |       |       |       ||    40
       Leather armour    |     2 |    17 |    24 |       |       ||    43
       Plate armour      |       |   124 |       |       |       ||   124
       Robe              |       |       |    40 |    59 |    76 ||   175
       Skin              |       |       |       |   143 |       ||   143
Dodge: Dodged            |    26 |   112 |   287 |   447 |   479 ||  1351

Table legend: (Time is in decaauts)
 A = Elapsed time spent in this place.
 B = Non-inter-level travel time spent in this place.
 C = Inter-level travel time spent in this place.
 D = Time resting spent in this place.
 E = Time spent auto-exploring this place.
 F = Levels seen in this place.
 G = Mean time per level.
                   A        B        C        D        E       F      G
               +--------+--------+--------+--------+--------+-----+--------+
         Total |  14518 |  13765 |    753 |   1061 |   7488 |  17 |  854.0 |
       Dungeon |  10912 |  10273 |    639 |    814 |   5719 |  11 |  992.0 |
        Temple |    209 |    173 |     36 |      0 |    155 |   1 |  209.0 |
          Lair |   2814 |   2736 |     78 |      0 |   1584 |   4 |  703.5 |
         Sewer |    581 |    581 |      0 |    247 |     28 |   1 |  581.0 |
               +--------+--------+--------+--------+--------+-----+--------+

Top non-repeatable levels by time:
    D:11: 1771 daAuts
     D:3: 1333 daAuts
     D:4: 1216 daAuts
  Lair:2: 1012 daAuts
     D:5: 988 daAuts
     D:8: 968 daAuts
  Lair:3: 918 daAuts
     D:2: 880 daAuts
     D:7: 825 daAuts
     D:9: 798 daAuts
    D:10: 751 daAuts
     D:6: 728 daAuts
  Lair:1: 693 daAuts
     D:1: 651 daAuts
   Sewer: 581 daAuts
